 Dungeon Crawl Stone Soup version 0.26-a0-720-g2a1d101370 (webtiles) character file.

Game seed: 13591952141446398673

95 ringo67 the Ogre Mage (level 4, -1/39 HPs)
             Began as an Ogre Fire Elementalist on Nov 4, 2020.
             Slain by an orc wizard
             ... wielding a +0 dagger
              (4 damage)
             ... on level 3 of the Dungeon.
             The game lasted 00:04:00 (2406 turns).

ringo67 the Ogre Mage (Ogre Fire Elementalist)      Turns: 2406, Time: 00:04:00

Health: -1/39      AC:  3    Str: 12    XL:     4   Next: 65%
Magic:  2/9        EV: 10    Int: 17    God:
Gold:   70         SH:  0    Dex:  9    Spells: 9/10 levels left

rFire    . . .     SeeInvis .   d - +1 hand axe (distort)
rCold    . . .     Faith    .   (no shield)
rNeg     . . .     Spirit   .   a - +0 robe
rPois    .         Reflect  .   (helmet restricted)
rElec    .         Harm     .   (no cloak)
rCorr    .         Rampage  .   (gloves unavailable)
MR       .....                  (boots unavailable)
Stlth    +.........             (no amulet)
HPRegen  0.13/turn              (no ring)
MPRegen  0.11/turn              (no ring)

@: no status effects
A: large, unfitting armour, tough skin 1
a: no special abilities


You were on level 3 of the Dungeon.
You visited 1 branch of the dungeon, and saw 3 of its levels.

You collected 70 gold pieces.

Inventory:

Hand Weapons
 d - a +1 hand axe of distortion (weapon)
Armour
 a - a +0 robe (worn)
Wands
 g - a wand of flame (15)
Scrolls
 c - 2 scrolls of remove curse {unknown}
 f - a scroll of random uselessness {unknown}
 h - 2 scrolls of identify {unknown}
 k - a scroll of teleportation {unknown}
Potions
 b - 2 potions of stabbing {unknown}
 e - a potion of flight {unknown}
 i - 2 potions of mutation {unknown}
 j - a potion of might {unknown}


   Skills:
 - Level 1.7 Dodging
 - Level 1.4 Stealth
 + Level 3.6 Spellcasting
 + Level 2.2 Conjurations
 + Level 3.4 Fire Magic


You had 9 spell levels left.
You knew the following spells:

 Your Spells              Type           Power        Failure   Level
a - Foxfire               Conj/Fire      ##..         4%          1

Your spell library contained the following spells:

 Spells                   Type           Power        Failure   Level
 Conjure Flame            Conj/Fire      ##......     16%         3
 Inner Flame              Hex/Fire       #.......     24%         3
 Sticky Flame             Conj/Fire      ##......     45%         4
 Fireball                 Conj/Fire      ##........   80%         5


Dungeon Overview and Level Annotations

Branches:
Dungeon (3/15)

Altars:


Innate Abilities, Weirdness & Mutations

You are too large for most types of armour.
You have tough skin. (AC +1)


Message History

You hit the jackal.
Space bends around the jackal.
You kill the jackal!
You hit the jackal but do no damage.
Space bends around the jackal.
You miss something.
The jackal bites you but does no damage.
Something hits you but does no damage. The jackal bites you.
* * * LOW HITPOINT WARNING * * *
An orc comes into view. It is wielding a +0 dagger.
The orc shouts!
The jackal closely misses you. Something hits you but does no damage.
Things that are here:
a jackal corpse; a jackal corpse Unknown command.
Unknown command.
You closely miss the jackal.
The jackal is lightly wounded.
You closely miss something.
The jackal bites you but does no damage.
Something hits you.
You die...

#.. .##.# .. ...##
o. #.... #. ...# #.
#..##### #o##
#..#...# #### #..#
#.)#.#.###... #{##
#..(.#..).†..
#.@####'########..)
#.h.........# #...
#...........# #...
#...........# #...
#...........# #...
#...........# #...
###..##'##### #...
##.##.# #### #.# .#


You could see 2 orcs and a jackal.

Vanquished Creatures
  Terence (D:2)
  An adder (D:3)
  2 oozes (D:2)
  A dart slug (D:3)
  7 bats
  5 giant cockroaches
  7 goblins
  9 hobgoblins
  2 jackals (D:3)
  3 kobolds
  A frilled lizard (D:3)
  5 rats
44 creatures vanquished.

Vanquished Creatures (collateral kills)
  2 foxfires (D:1)
2 creatures vanquished.

Vanquished Creatures (others)
  126 foxfires
  A plant (D:1)
127 creatures vanquished.

Grand Total: 173 creatures vanquished

Notes
Turn   | Place    | Note
-------+----------+-------------------------------------------
     0 | D:1      | ringo67 the Ogre Fire Elementalist began the quest for the
                  | Orb.
     0 | D:1      | Reached XP level 1. HP: 16/16 MP: 3/3
    86 | D:1      | Reached skill level 1 in Conjurations
   237 | D:1      | Reached XP level 2. HP: 24/24 MP: 2/5
  1079 | D:2      | Reached XP level 3. HP: 29/31 MP: 7/7
  1161 | D:2      | Noticed Terence
  1176 | D:2      | Killed Terence
  1477 | D:2      | Reached XP level 4. HP: 39/39 MP: 2/9
  2406 | D:3      | Slain by an orc wizard

Illustrated notes

Levels and vault maps discovered:
D:1:      dpeg_arrival_renting, layout_loops_ring, serial_bayou_lake_a
D:2:      layout_basic, uniq_terence
D:3:      layout_basic, led_sif_book, grunt_temple_overflow_open,
          kennysheep_generic_room_14

Skill      XL: |  1  2  3 |
---------------+----------+-----
Conjurations   | 1 2 |  2.2
Fire Magic     | 3 |  3.4
Spellcasting   | 3 |  3.6
Dodging        | |  1.7
Stealth        | |  1.4

Action                   |  1- 3 |  4- 6 || total
-------------------------+-------+-------++-------
Melee: Unarmed           |     4 |       ||     4
       Hand axe          |    18 |    24 ||    42
 Cast: Foxfire           |    44 |    34 ||    78
 Stab: Sleeping          |       |     1 ||     1
Armor: Robe              |    14 |    22 ||    36
Dodge: Dodged            |    19 |    34 ||    53

Table legend: (Time is in decaauts)
 A = Elapsed time spent in this place.
 B = Non-inter-level travel time spent in this place.
 C = Inter-level travel time spent in this place.
 D = Time resting spent in this place.
 E = Time spent auto-exploring this place.
 F = Levels seen in this place.
 G = Mean time per level.
                   A        B        C        D        E       F      G
               +--------+--------+--------+--------+--------+-----+--------+
         Total |   2458 |   2399 |     59 |      0 |   2101 |   3 |  819.3 |
       Dungeon |   2458 |   2399 |     59 |      0 |   2101 |   3 |  819.3 |
               +--------+--------+--------+--------+--------+-----+--------+

Top non-repeatable levels by time:
     D:1: 1056 daAuts
     D:2: 1039 daAuts
     D:3: 363 daAuts
